 Dungeon Crawl Stone Soup version 0.28-a0-863-g8cecda6153 (webtiles) character file.

Game seed: 16697050603004419429

420817 Strat the Slayer (level 24, -24/192 (208) HPs)
             Began as a Djinni Venom Mage on Nov 17, 2021.
             Was the Champion of Ashenzari.
             Killed from afar by a tengu reaver (42 damage)
             ... with a bolt of lightning
             ... on level 5 of the Vaults on Nov 19, 2021.
             The game lasted 03:41:16 (56443 turns).

Strat the Slayer (Djinni Venom Mage)               Turns: 56443, Time: 03:41:16

HP:   -24/192 (208) AC: 39    Str: 10    XL:     24   Next: 86%
Gold: 2791          EV: 25    Int: 25    God:    Ashenzari [******] SH: 16 Dex: 14

rFire   + + .      SeeInvis +   E - +9 scimitar of Ashenzari's Soothsayer {vorpal, Evo, Fort} (curse)
rCold   . . .      Faith    .   F - +1 kite shield "Per Aspera Ad Scientiam" {reflect, Fort, Self} (curse)
rNeg    . . .      Spirit   .   G - +6 acid dragon scales of Supernal Understanding {rCorr, Cun, Self} (curse)
rPois   ∞          Reflect  +   d - +2 helmet "Jealousy of Ashenzari" {Evo, Fort} (curse)
rElec   .          Harm     .   B - +2 cloak "Scepticism of Ashenzari" {Fort, Self} (curse)
rCorr   +          Rampage  .   q - +2 pair of gloves "Mantic Visionary" {Cun, Fort} (curse)
Will    ++...      Clarity  +   (boots unavailable)
Stlth   ++........              y - amulet "Gaze Upon Infinity" {Regen+, Fort, Melee} (curse)
HPRegen 1.42/turn               m - ring "Overhang to Understand" {rC+ EV+4 Int+3 Dex-4, Fort, Self} (curse)
MPRegen 0.00/turn               p - ring of the Tortoise {AC+8, Fort, Melee} (curse)

@: flying, hasted (expiring), studying Long Blades, drained, very quick
A: sickness immunity, fire resistance 2, cold vulnerability 1, float, innate
caster, hp casting, extra vitality 1
}: 2/15 runes: decaying, serpentine
a: Renounce Religion, Shatter the Chains


You were on level 5 of the Vaults.
You worshipped Ashenzari.
Ashenzari was exalted by your worship.
You visited 8 branches of the dungeon, and saw 41 of its levels.
You visited the Abyss 1 time.
You visited 1 ziggurat, and saw 3 of its levels.

You collected 5543 gold pieces.
You spent 2752 gold pieces at shops.

Inventory:

Hand Weapons
 n - a +0 demon blade
 E - the cursed +9 scimitar of Ashenzari's Soothsayer (weapon) {vorpal, Evo, Fort}
   (You took it off Vashnia on level 2 of the Snake Pit)

   It inflicts extra damage upon your enemies.
   It has a curse which improves the following skills: Evocations: Evocations.
   Fortitude: Armour and Shields.
Missiles
 a - a throwing net
 b - 11 javelins
 e - 927 stones
 f - 35 boomerangs
 J - 6 curare-tipped darts
 K - 6 boomerangs of dispersal
Armour
 d - the cursed +2 helmet "Jealousy of Ashenzari" (worn) {Evo, Fort}
   (You found it on level 1 of the Lair of Beasts)

   It has a curse which improves the following skills: Evocations: Evocations.
   Fortitude: Armour and Shields.
 k - a +1 cloak of willpower
 q - the cursed +2 pair of gloves "Mantic Visionary" (worn) {Cun, Fort}
   (You found it on level 3 of the Dungeon)

   It has a curse which improves the following skills: Cunning: Dodging and
   Stealth.
   Fortitude: Armour and Shields.
 B - the cursed +2 cloak "Scepticism of Ashenzari" (worn) {Fort, Self}
   (You bought it in a shop on level 11 of the Dungeon)

   It has a curse which improves the following skills: Fortitude: Armour and
   Shields.
   Introspection: Fighting and Spellcasting.
 F - the cursed +1 kite shield "Per Aspera Ad Scientiam" (worn) {reflect, Fort, Self}
   (You bought it in a shop on level 11 of the Dungeon)

   It has a curse which improves the following skills: Fortitude: Armour and
   Shields.
   Introspection: Fighting and Spellcasting.
 G - the cursed +6 acid dragon scales of Supernal Understanding (worn) {rCorr, Cun, Self}
   (You found it on level 12 of the Dungeon)

   rCorr:     It protects you from acid and corrosion.
   It has a curse which improves the following skills: Cunning: Dodging and
   Stealth.
   Introspection: Fighting and Spellcasting.
Jewellery
 m - the cursed ring "Overhang to Understand" (left hand) {rC+ EV+4 Int+3 Dex-4, Fort, Self}
   (You found it on level 3 of the Depths)

   [ring of evasion]

   EV:        It affects your evasion (+4).
   Int:       It affects your intelligence (+3).
   Dex:       It affects your dexterity (-4).
   rC:        It protects you from cold.
   It has a curse which improves the following skills: Fortitude: Armour and
   Shields.
   Introspection: Fighting and Spellcasting.
 p - the cursed ring of the Tortoise (right hand) {AC+8, Fort, Melee}
   (You bought it in a shop on level 2 of the Depths)

   [ring of protection]

   AC:        It affects your AC (+8).
   It has a curse which improves the following skills: Fortitude: Armour and
   Shields.
   Melee Combat: Short Blades, Long Blades, Axes, Maces & Flails, Polearms,
   Staves and Unarmed Combat.
 y - the cursed amulet "Gaze Upon Infinity" (around neck) {Regen+, Fort, Melee}
   (You found it on level 4 of the Dungeon)

   [amulet of regeneration]

   Regen:     It increases your rate of health regeneration.
   It has a curse which improves the following skills: Fortitude: Armour and
   Shields.
   Melee Combat: Short Blades, Long Blades, Axes, Maces & Flails, Polearms,
   Staves and Unarmed Combat.
 N - the ring of Ihein {rC+ rCorr Str+3}
   (You took it off a vault sentinel on level 4 of the Vaults)

   [ring of resist corrosion]

   Str:       It affects your strength (+3).
   rC:        It protects you from cold.
   rCorr:     It protects you from acid and corrosion.
Wands
 v - a wand of digging (5)
 z - a wand of acid (18)
 C - a wand of mindburst (32)
 L - a wand of polymorph (12)
 M - a wand of iceblast (39)
 O - a wand of paralysis (11)
Scrolls
 c - 6 scrolls of fog
 g - a scroll of enchant weapon
 o - a scroll of enchant armour
 s - 2 scrolls of summoning
 w - 2 scrolls of teleportation
 A - 2 scrolls of holy word
 D - 10 scrolls of magic mapping
 H - 2 scrolls of silence
Potions
 h - a potion of invisibility
 i - 6 potions of lignification
 j - 11 potions of brilliance
 l - 4 potions of attraction
 r - 6 potions of might
 t - 5 potions of ambrosia
 u - 5 potions of mutation
 x - 6 potions of curing
 I - a potion of resistance
 R - a potion of berserk rage
Miscellaneous
 P - a condenser vane
 Q - a box of beasts


   Skills:
 - Level 23.1(27) Fighting
 - Level 7.2(13.1) Short Blades
 - Level 9.1(14.5) Long Blades
 - Level 13.7(25.7) Armour
 - Level 15.6(20.2) Dodging
 - Level 1.5(4.5) Stealth
 - Level 9.2(20.7) Shields
 - Level 16.7(24.1) Spellcasting
 + Level 17.7(22.2) Evocations


You had 8 spell levels left.
You knew the following spells:

 Your Spells              Type           Power      Damage    Failure   Level
a - Iron Shot             Conj/Erth      50%        9d10      0%          6
b - Poisonous Vapours     Pois/Air       100%       N/A       0%          2
c - Mephitic Cloud        Conj/Pois/Air  100%       N/A       0%          3
d - Olgreb's Toxic Radia  Pois           100%       N/A       0%          4
e - Beastly Appendage     Tmut           100%       N/A       0%          1
f - Static Discharge      Conj/Air       100%       N/A       0%          2
g - Ignite Poison         Fire/Tmut/Pois 100%       N/A       0%          3
h - Summon Ice Beast      Ice/Summ       100%       N/A       0%          4
i - Agony                 Necr           100%       N/A       0%          5
j - Metabolic Englaciati  Hex/Ice        50%        N/A       0%          5
k - Conjure Ball Lightni  Conj/Air       50%        3x3d17    0%          6
l - Sting                 Tmut/Pois      100%       1d8       0%          1
m - Simulacrum            Ice/Necr       50%        N/A       0%          6
n - Ozocubu's Refrigerat  Ice            50%        4d15      1%          7
o - Disjunction           Tloc           50%        N/A       1%          8
Your spell library was empty.

Dungeon Overview and Level Annotations

Branches:
Dungeon (15/15)            Temple (1/1) D:4            Lair (6/6) D:9
  Swamp (4/4) Lair:4        Snake (4/4) Lair:3        Slime (0/5) Lair:6
    Orc (2/2) D:9             Elf (0/3) Orc:2        Vaults (5/5) D:13
  Crypt (0/3) Vaults:3     Depths (4/4) D:15            Zot (0/5) Depths:4

Altars:
Ashenzari
Cheibriados
Dithmenos
Elyvilon
Fedhas
Gozag
Hepliaklqana
Kikubaaqudgha
Makhleb
Nemelex Xobeh
Okawaru
Qazlal
Ru
Sif Muna
Trog
Uskayaw
Vehumet
Wu Jian
Xom
Yredelemnul
Zin
The Shining One

Shops:
D:3 (*   D:7 ?   D:8 :   D:11 [(=?[   D:13 [   Orc:2 *:?:   Vaults:2 [
Vaults:3 [=   Vaults:4 [   Depths:2 ::=   Depths:4 (

Portals:
Hell: Depths:1 Depths:2 Depths:3 Depths:4
Abyss: Snake:2 Depths:2 Depths:3
Pandemonium: Depths:2 Depths:3 Depths:4

Annotations:
D:5 3 runed translucent doors, croobank's ghost, weakling HuDe
Lair:4 exclusion: oklob plant
Swamp:3 3 runed translucent doors, Efairey's ghost, adept DsGl
Snake:2 2 transporters, quinnr's ghost, adept TeAE
Vaults:1 2 transporters
Depths:2 1 runed translucent door, Woytaw's ghost, adept HaHu


Innate Abilities, Weirdness & Mutations

You are immune to sickness and miasma.
You are immune to poison.
Your flesh is very heat resistant. (rF++)
You are vulnerable to cold. (rC-)
You float through the air rather than walking.
You learn spells naturally, not from books.
Your magical power is your life essence.
You have superior vitality. (+4 HP)


Message History

The tormentor disappears in a puff of smoke!
The dread lich points at you and mumbles some strange words.
You resist with significant effort. You block the shadow demon's attack.
You feel better. The dread lich touches you!
* * * LOW HITPOINT WARNING * * *
You feel better.
Your surroundings suddenly seem different.
An ogre mage and an ettin come into view.
The ogre mage is wielding a +1 spectral quarterstaff.
Found a silver rune of Zot and a +0 whip.
The ettin shouts in stereo!
The ogre mage shouts!
You slash the ettin!
The ettin is moderately wounded.
You hear a shout!
You slash the ettin!
The ettin is heavily wounded.
A tengu reaver comes into view.
It is wielding a +2 great sword of draining and wearing a +1 ring mail of fire resistance.
You block the ettin's attack. The ettin misses you.
Found a +0 pair of boots.
The ettin changes into a quicksilver ooze!
The ogre mage casts a spell at something.
You hear two shouts!
Your extra speed is starting to run out.
The tengu reaver casts a spell at you. The bolt of cold hits you!!
* * * LOW HITPOINT WARNING * * *
You hear a shout!
There are no items here.
The tengu reaver casts a spell at you. The bolt of negative energy hits you!!
You feel drained.
* * * LOW HITPOINT WARNING * * *
The war gargoyle launches metal splinters at you.
The spray of metal splinters misses you.
You feel better.
A yaktaur captain comes into view.
It is wielding a +2 eveningstar of protection.
You feel better.
The quicksilver ooze changes into a hydra!
The tengu reaver casts a spell at you. The bolt of lightning hits you!!!
You die...

,#..))#....#.[.....#)..... ,
,...
..[.)[#....#......#.......
*,,#..
...{..#....#.....#........
*,.#.
.#..###...D#O...#......... ,
,..# ,...
#....#...#.......... , ,...
,, ,
#....#..#..........#,,,,...
, ,#....#.#............
,,... ,*
,#....##...D....:.... *,, ..
* ,#....#....@.9....... ,{..
#....#......#....φ.. ,, ,..
, #...{#.......#....)[,,,
,.. ,,, #....#.Q#.....#.....
,, .. ,
,,,#....#...#.|...#....,
,{./. ,
*#....#..........#... ,,....
,,, ,
#....#..#..................
,,
,#....#.c.#................Q
, ,, *#....#....#..,,
,∆.........


You could see a tengu reaver, a yaktaur captain (wandering), a seven-headed
hydra shaped shifter, an ogre mage and a war gargoyle (catching breath).

Vanquished Creatures
  A dread lich (Vaults:4)
  Mara (Vaults:3)
  Boris (Vaults:2)
  A pandemonium lord (Zig:3)
  the Lernaean hydra (Swamp:4)
  Vashnia (Snake:2)
  Margery (Vaults:2)
  3 golden dragons
  4 caustic shrikes
  Nikola (Snake:3)
  2 bone dragons (Depths:4)
  A Brimstone Fiend (Zig:3)
  Jorgrun (Orc:2)
  A tentacled monstrosity (Vaults:5)
  2 liches
  Asterion (Vaults:3)
  4 titans
  3 sphinxes
  A quicksilver dragon (Depths:3)
  3 shadow dragons (Vaults:5)
  2 storm dragons (Vaults:5)
  Kirke (Snake:2)
  A thorn hunter (Swamp:4)
  Roxanne (Snake:1)
  Donald (Orc:2)
  9 nagarajas
  6 tengu reavers
  A draconian knight (Depths:4)
  2 fire giants (Depths:1)
  A fenstrider witch (Swamp:3)
  A deep elf sorcerer (Vaults:5)
  2 iron dragons
  11 vault wardens
  Louise (Snake:3)
  4 frost giants
  Aizul (Snake:3)
  A draconian stormcaller (Depths:4)
  11 ironbound preservers
  8 war gargoyles
  A reaper (Depths:2)
  A quicksilver ooze (shapeshifter) (Depths:3)
  4 vampire knights
  6 stone giants
  2 deep elf demonologists (Vaults:5)
  20 very ugly things
  Azrael (Snake:2)
  Nessos (Lair:5)
  A lorocyproca (Abyss:2)
  5 bunyips
  A yellow draconian (Depths:4)
  3 entropy weavers
  7 spark wasps
  A purple draconian (Depths:4)
  2 white draconians (Depths:4)
  16 dire elephants
  6 eleionomae
  8 ettins
  A crystal guardian (D:13)
  8 fire dragons
  A jiangshi (Vaults:3)
  A shambling mangrove (Swamp:4)
  13 yaktaur captains
  8 great orbs of eyes
  Josephine (D:12)
  A salamander tyrant (Snake:3)
  6 ice dragons
  9 ironbound thunderhulks
  A deep elf high priest (Vaults:5)
  11 naga warriors
  7 boulder beetles
  A peacekeeper (Vaults:4)
  A quicksilver dragon skeleton (D:15)
  A rakshasa (Depths:1)
  5 spriggan air magi
  26 hydras
  2 ogre magi (Orc:2)
  31 vault guards
  9 anacondas
  A ghost crab (Swamp:3)
  7 ironbound frosthearts
  A satyr (shapeshifter) (Depths:3)
  A hydra (shapeshifter) (Depths:3)
  3 deep troll shamans
  10 alligators
  14 dancing weapons (Depths:3)
  9 centaur warriors
  14 two-headed ogres
  A death yak (shapeshifter) (Depths:3)
  12 death yaks
  8 deep troll earth magi
  11 naga sharpshooters
  Urug (Orc:1)
  2 hell hogs (Depths:1)
  8 spriggans
  2 spriggan berserkers (Depths:3)
  6 shock serpents
  3 sun demons (Depths:1)
  A spectral dire elephant (Lair:6)
  Sonja (Lair:5)
  10 hell knights
  A spectral death yak (Lair:6)
  An orc high priest (Orc:1)
  4 soul eaters
  8 iron trolls
  3 skeletal warriors
  3 salamander mystics
  A sixfirhy (Abyss:2)
  A goliath frog (shapeshifter) (Depths:3)
  13 goliath frogs
  A spectral anaconda (Lair:6)
  A death drake (Swamp:4)
  60 deep trolls
  10 swamp dragons
  3 spriggan druids
  8 glowing orange brains
  3 naga ritualists
  A deep elf archer (D:13)
  3 bog bodies
  11 wizards
  2 phantasmal warriors
  9 lindwurms
  5 obsidian statues
  10 necromancers
  An orc knight (Vaults:5)
  2 iron dragon zombies
  A harpy (shapeshifter) (Depths:3)
  19 ironbound convokers
  A deep elf pyromancer (D:13)
  10 harpies
  4 manticores
  48 ugly things
  A fire giant zombie (D:15)
  7 mana vipers
  3 orc sorcerers
  15 salamanders
  A manticore (shapeshifter) (Depths:2)
  A will-o-the-wisp (Swamp:4)
  8 cyclopes
  A merfolk siren (Zig:1)
  A moth of wrath (shapeshifter) (Depths:3)
  A fire giant skeleton (Depths:1)
  6 guardian serpents
  12 naga magi
  20 elephants
  14 vault sentinels
  A frost giant skeleton (D:15)
  34 black mambas
  5 smoke demons (Depths:1)
  An orange demon (Zig:3)
  A cane toad (shapeshifter) (D:13)
  4 cane toads
  An eye of devastation (shapeshifter) (Vaults:5)
  2 molten gargoyles (Depths:3)
  A freezing wraith (Vaults:4)
  An unseen horror (D:12)
  25 yaktaurs
  12 komodo dragons
  A yaktaur (shapeshifter) (D:15)
  A guardian mummy (Zig:2)
  3 tengu conjurers
  A hellwing (Depths:2)
  16 trolls
  A queen bee (shapeshifter) (Depths:3)
  3 meliai (D:14)
  A merfolk (Zig:1)
  5 polar bears
  6 tyrant leeches
  2 wind drakes (Depths:3)
  A troll (shapeshifter) (Depths:3)
  A raiju (shapeshifter) (D:14)
  5 blink frogs (Lair:5)
  A spriggan zombie (Depths:1)
  3 raiju (Depths:3)
  A blink frog (shapeshifter) (Depths:3)
  8 hornets
  A large abomination (Abyss:2)
  26 slime creatures
  11 dream sheep
  6 redbacks (Vaults:2)
  A flying skull (Zig:2)
  A shadow (D:11)
  An air elemental (Depths:3)
  6 wraiths
  A spriggan (shapeshifter) (Vaults:5)
  3 water elementals
  A tarantella (Vaults:2)
  A vampire (D:9)
  10 fire elementals
  3 tarantellas (shapeshifter)
  24 yaks
  Grum (D:10)
  3 wyverns
  2 hogs (Snake:2)
  4 fire bats (Depths:1)
  2 death yak simulacra
  3 steam dragons
  21 vampire mosquitoes
  16 swamp worms
  2 wargs
  5 basilisks
  2 chaos spawn (Depths:2)
  2 spectral cane toads (Lair:6)
  46 nagas
  5 acid dragons
  4 hell hounds (Snake:2)
  10 water moccasins
  A floating eye (shapeshifter) (Depths:2)
  6 swamp drakes
  2 floating eyes
  2 black bears
  An ice beast (D:8)
  11 orc warriors
  A necrophage (D:6)
  3 sky beasts
  26 ogres
  6 centaurs
  An ogre (shapeshifter) (Vaults:5)
  2 elephant skeletons (Lair:6)
  58 wolves
  2 kobold brigands (D:9)
  14 bullfrogs
  8 earth elementals (Depths:3)
  2 cane toad simulacra
  A two-headed ogre simulacrum (D:13)
  2 scorpions
  A wyvern zombie (D:8)
  2 electric eels (D:9)
  4 howler monkeys
  6 wights
  A vampire bat (D:6)
  6 centaur zombies
  3 jellies (Lair:6)
  A bullfrog skeleton (D:5)
  7 orc priests
  11 hounds
  4 iguanas
  Ijyb (D:2)
  11 hell rats
  15 orc wizards
  A polar bear simulacrum (D:13)
  2 spriggan simulacra (D:13)
  A troll simulacrum (D:13)
  A wolf simulacrum (D:13)
  A centaur simulacrum (D:10)
  5 mummies (Zig:2)
  A howler monkey zombie (D:10)
  7 adders
  5 gnolls
  2 white imps
  An adder skeleton (D:4)
  A worm (D:2)
  2 dart slugs
  45 orcs
  10 bats
  7 endoplasms
  2 giant cockroaches
  8 hobgoblins
  5 jackals
  3 quokkas
  5 ball pythons
  4 frilled lizards
  10 goblins
  17 kobolds
  4 rats
  4 ball lightnings (Depths:3)
  A bush (Lair:5)
  A fire vortex (Depths:1)
1544 creatures vanquished.

Vanquished Creatures (collateral kills)
  A phantom (D:5)
  A wight (D:8)
  A white imp (D:8)
  An orc (D:8)
4 creatures vanquished.

Vanquished Creatures (others)
  A peacekeeper (Vaults:1)
  A tengu warrior (Depths:3)
  A black mamba (Snake:3)
  4 water elementals (Depths:3)
  4 humans (Snake:2)
  A worm (shapeshifter) (Depths:3)
  A quokka (Depths:4)
  66 ball lightnings
  4 foxfires (Swamp:4)
  54 fungi
  77 plants
  16 toadstools (Lair:4)
  38 withered plants
268 creatures vanquished.

Grand Total: 1816 creatures vanquished

Notes
Turn   | Place    | Note
-------+----------+-------------------------------------------
     0 | D:1      | Strat the Djinni Venom Mage began the quest for the Orb.
     0 | D:1      | Reached XP level 1. HP: 15/15 MP: 0/0
    67 | D:1      | Found a faded altar of an unknown god.
   591 | D:1      | Reached skill level 1 in Fighting
   591 | D:1      | Reached XP level 2. HP: 10/22 MP: 0/0
   935 | D:1      | Reached XP level 3. HP: 25/27 MP: 0/0
   935 | D:1      | Learned a level 1 spell: Beastly Appendage
  1875 | D:2      | Reached skill level 2 in Fighting
  2066 | D:2      | Reached XP level 4. HP: 20/33 MP: 0/0
  2248 | D:2      | Noticed Ijyb
  2554 | D:2      | Killed Ijyb
  3048 | D:2      | Reached XP level 5. HP: 33/40 MP: 0/0
  3048 | D:2      | Learned a level 2 spell: Static Discharge
  3314 | D:3      | Found Dirong's Antique Weapon Emporium.
  3453 | D:3      | Found a glowing silver altar of Zin.
  3453 | D:3      | Found Zin's Purification Station.
  3530 | D:3      | Reached skill level 3 in Fighting
  4400 | D:3      | Reached XP level 6. HP: 41/46 MP: 0/0
  5248 | D:4      | Reached skill level 4 in Fighting
  5341 | D:4      | Noticed a black bear
  5358 | D:4      | Killed a black bear
  5359 | D:4      | Reached XP level 7. HP: 24/52 MP: 0/0
  5359 | D:4      | Learned a level 3 spell: Ignite Poison
  5775 | D:4      | Reached skill level 5 in Spellcasting
  5833 | D:4      | Found a staircase to the Ecumenical Temple.
  5869 | Temple   | Entered the Ecumenical Temple
  6183 | Temple   | Became a worshipper of Ashenzari the Shackled
  6428 | D:4      | Reached skill level 5 in Fighting
  6428 | D:4      | Reached XP level 8. HP: 19/59 MP: 0/0
  7145 | D:5      | Entered Level 5 of the Dungeon
  7634 | D:5      | Reached skill level 6 in Fighting
  7689 | D:5      | Found a runed translucent gate.
  7689 | D:5      | Found a runed translucent gate.
  7689 | D:5      | Found a runed translucent gate.
  7690 | D:5      | Found an opulent altar of Gozag.
  7692 | D:5      | Noticed croobank's ghost (weakling HuDe)
  7692 | D:5      | Noticed a yak
  7697 | D:5      | Found a snail-covered altar of Cheibriados.
  8837 | D:6      | Found a burning altar of Makhleb.
  8839 | D:6      | Noticed a balrug
  9019 | D:6      | Reached XP level 9. HP: 64/66 MP: 0/0
  9019 | D:6      | Learned a level 4 spell: Summon Ice Beast
 10474 | D:7      | Reached skill level 1 in Armour
 10540 | D:7      | Found Viuqef's Magic Scroll Shop.
 10546 | D:7      | Bought a scroll of teleportation for 42 gold pieces
 10967 | D:8      | Reached skill level 7 in Fighting
 11257 | D:8      | Reached * piety under Ashenzari
 11358 | D:8      | Found Hieg's Book Emporium.
 11367 | D:8      | Reached XP level 10. HP: 75/75 MP: 0/0
 11549 | D:8      | Reached skill level 1 in Short Blades
 11820 | D:9      | Reached skill level 8 in Fighting
 11922 | D:9      | Found a staircase to the Lair.
 12229 | D:9      | Reached skill level 9 in Fighting
 12567 | D:9      | Found a staircase to the Orcish Mines.
 12603 | D:9      | Reached skill level 10 in Fighting
 12750 | Orc:1    | Entered Level 1 of the Orcish Mines
 12884 | D:10     | Entered Level 10 of the Dungeon
 13012 | D:10     | Found a stormy altar of Qazlal.
 13057 | D:10     | Noticed Grum
 13071 | D:10     | Killed Grum
 13072 | D:10     | Reached XP level 11. HP: 77/85 MP: 0/0
 13072 | D:10     | Learned a level 5 spell: Agony
 13101 | D:10     | Identified the +2 spear "Xoatz" {spect, Will+}
 13284 | D:10     | Reached skill level 5 in Short Blades
 13472 | D:11     | Found Raqasost's Armour Shop.
 13481 | D:11     | Bought a +0 helmet for 58 gold pieces
 13481 | D:11     | Bought a +0 cloak for 58 gold pieces
 13562 | D:11     | Found Voqiel Neru's Weapon Shoppe.
 13601 | D:11     | Noticed a cyclops
 13611 | D:11     | Killed a cyclops
 13612 | D:11     | Reached skill level 5 in Dodging
 13805 | D:11     | Found Sutymp's Jewellery Shop.
 13806 | D:11     | Noticed a boulder beetle
 13825 | D:11     | Found Xecuilip's Antique Armour Shoppe.
 13844 | D:11     | Bought a glowing kite shield for 150 gold pieces
 13917 | D:11     | Found Niogal's Magic Scroll Boutique.
 13917 | D:11     | Noticed a manticore
 13972 | D:11     | Killed a manticore
 14025 | D:11     | Bought a scroll of teleportation for 48 gold pieces
 14025 | D:11     | Bought a scroll of teleportation for 48 gold pieces
 14025 | D:11     | Bought a scroll of teleportation for 48 gold pieces
 14140 | D:11     | Killed a boulder beetle
 14268 | D:11     | Reached ** piety under Ashenzari
 14527 | Lair:1   | Entered Level 1 of the Lair of Beasts
 14544 | Lair:1   | Noticed a seven-headed hydra
 14572 | Lair:1   | Noticed a four-headed hydra
 14598 | Lair:1   | Killed a four-headed hydra
 14706 | Lair:1   | Reached XP level 12. HP: 73/91 MP: 0/0
 14883 | Lair:1   | Killed a seven-headed hydra
 15210 | Lair:1   | Reached *** piety under Ashenzari
 15609 | Lair:2   | Identified the +1 leather armour of Grand Surprise {Harm
                  | rCorr Int-2 Slay+6}
 15774 | Lair:2   | Reached skill level 10 in Spellcasting
 16034 | Lair:2   | Reached skill level 5 in Shields
 16491 | Lair:2   | Noticed a six-headed hydra
 16535 | Lair:2   | Killed a six-headed hydra
 16643 | Lair:2   | Reached **** piety under Ashenzari
 16932 | Lair:3   | Reached XP level 13. HP: 95/101 MP: 0/0
 16932 | Lair:3   | Learned a level 5 spell: Metabolic Englaciation
 17089 | Lair:3   | Found a staircase to the Snake Pit.
 17416 | Lair:3   | Reached skill level 1 in Evocations
 17863 | Lair:4   | Noticed a five-headed hydra
 17870 | Lair:4   | Killed a five-headed hydra
 17950 | Lair:4   | Reached skill level 11 in Fighting
 17980 | Lair:4   | Noticed a four-headed hydra
 17999 | Lair:4   | Killed a four-headed hydra
 18121 | Lair:4   | Noticed a six-headed hydra
 18141 | Lair:4   | Killed a six-headed hydra
 18396 | Lair:4   | Reached skill level 12 in Fighting
 18447 | Lair:4   | Reached XP level 14. HP: 70/112 MP: 0/0
 18508 | Lair:4   | Found a staircase to the Swamp.
 18555 | Lair:4   | Found a blossoming altar of Fedhas.
 18974 | Lair:5   | Noticed Nessos
 18984 | Lair:5   | Killed Nessos
 18985 | Lair:5   | Reached skill level 13 in Fighting
 19361 | Lair:5   | Reached skill level 14 in Fighting
 19579 | Lair:5   | Noticed Sonja
 19602 | Lair:5   | Killed Sonja
 19821 | Lair:6   | Entered Level 6 of the Lair of Beasts
 20000 | Lair:6   | Reached skill level 15 in Fighting
 20026 | Lair:6   | Found a staircase to the Slime Pits.
 20695 | Lair:6   | Noticed a dire elephant
 20786 | Lair:6   | Noticed a dire elephant
 20786 | Lair:6   | Noticed a dire elephant
 20813 | Lair:6   | Killed a dire elephant
 20814 | Lair:6   | Reached skill level 16 in Fighting
 20817 | Lair:6   | Noticed a dire elephant
 20858 | Lair:6   | Killed a dire elephant
 20966 | Lair:6   | Reached XP level 15. HP: 127/127 MP: 0/0
 20966 | Lair:6   | Learned a level 6 spell: Conjure Ball Lightning
 21375 | Lair:6   | Identified the ring of Ychaumab {rPois rN+ Str+4 Int-2}
 21621 | Lair:6   | Reached skill level 17 in Fighting
 22544 | Orc:1    | Identified Sif Muna's Papyrus of Dislocation
 22590 | Orc:2    | Entered Level 2 of the Orcish Mines
 22590 | Orc:2    | Noticed Donald
 22661 | Orc:2    | Noticed Jorgrun
 22677 | Orc:2    | Killed Jorgrun
 22796 | Orc:2    | Killed Donald
 22924 | Orc:2    | Found a staircase to the Elven Halls.
 23045 | Orc:2    | Found Batzoah's General Store.
 23045 | Orc:2    | Found Qenuetwuvi's Book Shop.
 23184 | Orc:2    | Paralysed by an ogre mage for 3 turns
 23469 | Orc:2    | Found Itzyoch's Magic Scroll Emporium.
 23532 | Orc:2    | Found Noppoelol's Book Boutique.
 23641 | Orc:2    | Bought a scroll of enchant armour for 90 gold pieces
 23641 | Orc:2    | Bought 3 scrolls of enchant armour for 270 gold pieces
 23689 | Orc:1    | Reached skill level 18 in Fighting
 23892 | Orc:1    | Noticed Urug
 23903 | Orc:1    | Killed Urug
 24265 | D:12     | Noticed Josephine
 24309 | D:12     | Killed Josephine
 24618 | D:12     | Reached XP level 16. HP: 131/139 MP: 0/0
 25856 | D:13     | Reached skill level 19 in Fighting
 25871 | D:13     | Identified a scroll of acquirement
 25911 | D:13     | Acquired a manual of Spellcasting
 25920 | D:13     | Found a gate to the Vaults.
 26133 | D:13     | Found Vuhit's Armour Shoppe.
 26560 | D:14     | Reached ***** piety under Ashenzari
 27148 | D:15     | Entered Level 15 of the Dungeon
 27530 | D:15     | Found an opulent altar of Gozag.
 28106 | D:15     | Found a staircase to the Depths.
 28143 | D:15     | Reached skill level 20 in Fighting
 28303 | Depths:1 | Entered Level 1 of the Depths
 28535 | Swamp:1  | Entered Level 1 of the Swamp
 28549 | Swamp:1  | Reached XP level 17. HP: 147/152 MP: 0/0
 28549 | Swamp:1  | Learned a level 6 spell: Iron Shot
 28726 | Swamp:1  | Identified the +0 chain mail of Suoty {Regen+ Dex+4}
 29672 | Swamp:2  | Acquired 915 gold pieces
 29759 | Swamp:2  | Paralysed by an orc sorcerer for 5 turns
 29955 | Swamp:3  | Noticed Efairey's ghost (adept DsGl)
 29955 | Swamp:3  | Found a runed translucent gate.
 29955 | Swamp:3  | Found a runed translucent gate.
 29955 | Swamp:3  | Found a runed translucent gate.
 30512 | Swamp:3  | Reached skill level 21 in Fighting
 31004 | Swamp:4  | Entered Level 4 of the Swamp
 31009 | Swamp:4  | Identified the ring "Amaushry" {rF- Will+ Dex+7}
 31039 | Swamp:4  | Noticed a thorn hunter
 31367 | Swamp:4  | Reached skill level 15 in Spellcasting
 31374 | Swamp:4  | Reached XP level 18. HP: 123/163 MP: 0/0
 31801 | Swamp:4  | Noticed the 27-headed Lernaean hydra
 32022 | Swamp:4  | Killed the 27-headed Lernaean hydra
 32233 | Swamp:4  | Got a decaying rune of Zot
 32393 | Snake:1  | Entered Level 1 of the Snake Pit
 32616 | Snake:1  | Identified the cursed +2 helmet "Jealousy of Ashenzari"
                  | {Evo, Fort} (You found it on level 1 of the Lair of Beasts)
 32896 | Snake:1  | Reached skill level 22 in Fighting
 33135 | Snake:1  | Noticed Roxanne
 33148 | Snake:1  | Killed Roxanne
 33487 | Snake:2  | Noticed Kirke
 33529 | Snake:2  | Noticed Vashnia
 33586 | Snake:2  | Killed Kirke
 34136 | Snake:2  | Killed Vashnia
 34304 | Snake:2  | Noticed Azrael
 34312 | Snake:2  | Reached skill level 1 in Long Blades
 34327 | Snake:2  | Killed Azrael
 34328 | Snake:2  | Reached XP level 19. HP: 120/171 MP: 0/0
 34328 | Snake:2  | Learned a level 6 spell: Simulacrum
 34508 | Snake:2  | Noticed a tentacled monstrosity
 34796 | Snake:2  | Noticed quinnr's ghost (adept TeAE)
 34855 | Snake:2  | Found a one-way gate to the infinite horrors of the Abyss.
 34871 | Snake:2  | Found a transporter.
 34871 | Snake:2  | Found a transporter.
 35135 | Snake:3  | Noticed Aizul
 35135 | Snake:3  | Noticed Nikola
 35144 | Snake:3  | Killed Aizul
 35232 | Snake:3  | Noticed Louise
 35262 | Snake:3  | Killed Louise
 35418 | Snake:3  | Reached skill level 5 in Long Blades
 35735 | Snake:3  | Killed Nikola
 36278 | Snake:4  | Entered Level 4 of the Snake Pit
 36303 | Snake:4  | Identified the +9 long sword "Feimo" {vorpal, rC+ rN+
                  | Int+3}
 37675 | Snake:4  | Got a serpentine rune of Zot
 37999 | D:7      | Bought a scroll of enchant armour for 105 gold pieces
 38122 | Orc:2    | Bought a scroll of blinking for 112 gold pieces
 38122 | Orc:2    | Bought a scroll of teleportation for 45 gold pieces
 38134 | Orc:2    | Bought a scroll of teleportation for 36 gold pieces
 38134 | Orc:2    | Bought a scroll of teleportation for 36 gold pieces
 38134 | Orc:2    | Bought a scroll of teleportation for 36 gold pieces
 38134 | Orc:2    | Bought a scroll of magic mapping for 42 gold pieces
 38306 | Vaults:1 | Entered Level 1 of the Vaults
 39010 | Vaults:1 | Identified Vajuzar's Arcane Secrets of Thaumaturgy
 39022 | Vaults:1 | Reached XP level 20. HP: 180/180 MP: 0/0
 39042 | Vaults:1 | Reached skill level 23 in Fighting
 39249 | Vaults:1 | Reached ****** piety under Ashenzari
 39260 | Vaults:1 | Found a transporter.
 39289 | Vaults:1 | Identified the ring of Cynicism {rF+ rC+ rCorr Int-5 Dex+7}
 39297 | Vaults:1 | Found a transporter.
 39297 | Vaults:1 | Identified the ring "Pyssau Avvi" {rN+ Dex+4}
 39298 | Vaults:1 | Identified the +0 rapier of the Harvest {pain, Str+5}
 39370 | Vaults:1 | Reached skill level 5 in Armour
 39371 | Vaults:1 | Reached skill level 5 in Evocations
 39995 | Vaults:2 | Noticed Boris
 40495 | Vaults:2 | Found Fisyfi's Armour Emporium.
 40736 | Vaults:2 | Identified the +8 hunting sling "Ryddehon" {flame, rF-
                  | Str+6}
 41046 | Vaults:2 | Killed Boris
 41439 | Vaults:2 | Noticed Margery
 41449 | Vaults:2 | Killed Margery
 41863 | Vaults:3 | Found Zyibaadi's Jewellery Shop.
 41959 | Vaults:3 | Found Cezxapt's Armour Boutique.
 42028 | Vaults:3 | Identified the Disquisition on Arcane Weapons
 42181 | Vaults:3 | Reached XP level 21. HP: 187/187 MP: 0/0
 42181 | Vaults:3 | Learned a level 7 spell: Ozocubu's Refrigeration
 42674 | Vaults:3 | Reached skill level 10 in Dodging
 42683 | Vaults:3 | Found a staircase to the Crypt.
 42776 | Vaults:3 | Noticed Mara
 42888 | Vaults:3 | Noticed Strat's illusion
 43257 | Vaults:3 | Noticed Asterion
 43272 | Vaults:3 | Killed Asterion
 43576 | Vaults:3 | Noticed Strat's illusion
 43582 | Vaults:3 | Killed Mara
 44351 | Vaults:4 | Found Umyaclik's Armour Shoppe.
 45338 | Vaults:4 | Cast into level 2 of the Abyss (a wizard)
 45368 | Abyss:2  | Reached XP level 22. HP: 184/194 MP: 0/0
 45411 | Vaults:4 | Escaped the Abyss
 45455 | Vaults:4 | Reached skill level 10 in Armour
 45488 | Vaults:4 | Reached skill level 10 in Evocations
 46569 | Depths:1 | Identified the +3 chain mail "Cilam" {Dex+4}
 46769 | Depths:1 | Found a gateway to Hell.
 47201 | Depths:1 | Found a sparkling altar of Nemelex Xobeh.
 47955 | Depths:2 | Noticed a golden dragon
 48082 | Depths:1 | Killed a golden dragon
 48230 | Depths:2 | Found Qoumise's Jewellery Shop.
 48230 | Depths:2 | Found Owengeuc's Book Shoppe.
 48240 | Depths:2 | Found Kiominice's Book Shoppe.
 48249 | Depths:2 | Bought the ring of the Tortoise {AC+8} for 1408 gold pieces
 48249 | Depths:2 | Found the ring of the Tortoise {AC+8}
 48933 | Depths:2 | Found a one-way gate leading to the halls of Pandemonium.
 49154 | Depths:2 | Found a runed translucent door.
 49155 | Depths:2 | Noticed Woytaw's ghost (adept HaHu)
 49162 | Depths:2 | Reached XP level 23. HP: 193/201 MP: 0/0
 49162 | Depths:2 | Learned a level 8 spell: Disjunction
 50669 | Depths:3 | Paralysed by an air elemental for 1 turns
 50988 | Depths:3 | Identified the +5 dagger of the Foot {vorpal, Fly rF+ MP-9
                  | SInv}
 50999 | Depths:3 | Identified the +0 tower shield "Wac Nota" {Fly Regen+}
 51000 | Depths:3 | Identified the +2 halberd of the First Lies {freeze, rPois
                  | rC- Int+7 SInv}
 51100 | Depths:3 | Identified the ring "Batozar" {rC+ EV+4 Int+3 Dex-4}
 51513 | Depths:3 | Noticed a juggernaut
 51514 | Depths:3 | a juggernaut changed into a rockslime
 51708 | Depths:3 | Reached skill level 15 in Dodging
 51763 | Depths:3 | Paralysed by a floating eye for 3 turns
 51999 | Depths:4 | Entered Level 4 of the Depths
 51999 | Depths:4 | Noticed a caustic shrike
 51999 | Depths:4 | Noticed a caustic shrike
 51999 | Depths:4 | Noticed a caustic shrike
 52000 | Depths:4 | Noticed a caustic shrike
 52110 | Depths:4 | Noticed a caustic shrike
 52117 | Depths:3 | Killed a caustic shrike
 52173 | Depths:4 | Found a gateway to a ziggurat.
 52181 | Depths:3 | Killed a caustic shrike
 53065 | Depths:4 | Found a white marble altar of Elyvilon.
 53128 | Zig:1    | Entered Level 1 of a ziggurat
 53128 | Zig:1    | Identified the Guide on Warped Arcane Weapons
 53157 | Zig:2    | Entered Level 2 of a ziggurat
 53188 | Zig:3    | Entered Level 3 of a ziggurat
 53198 | Zig:3    | Noticed Memur the pandemonium lord
 53214 | Zig:3    | Killed Memur the pandemonium lord
 53769 | Depths:4 | Reached XP level 24. HP: 177/208 MP: 0/0
 53985 | Depths:4 | Found Pyivox's Weapon Boutique.
 53986 | Depths:4 | Noticed a caustic shrike
 53987 | Depths:4 | Noticed a caustic shrike
 53987 | Depths:4 | Noticed a caustic shrike
 54001 | Depths:4 | a caustic shrike changed into a sphinx
 54011 | Depths:4 | Killed a caustic shrike
 54011 | Depths:4 | Killed a caustic shrike
 54397 | Depths:4 | Found a gate to the Realm of Zot.
 54721 | D:11     | Bought a scroll of blinking for 120 gold pieces
 55123 | Vaults:5 | Entered Level 5 of the Vaults
 55124 | Vaults:5 | Noticed a dread lich
 55126 | Vaults:5 | Reached skill level 15 in Evocations
 55143 | Vaults:5 | Paralysed by a sphinx for 3 turns
 55163 | Vaults:4 | Killed a dread lich
 55422 | Vaults:5 | Identified the ring of Ihein {rC+ rCorr Str+3}
 55468 | Vaults:5 | Noticed a dread lich
 55536 | Vaults:5 | Paralysed by a dread lich for 7 turns
 55543 | Vaults:5 | Identified the Compendium of the Glacial Mountains
 55815 | Vaults:5 | Noticed a golden dragon
 55830 | Vaults:5 | Killed a golden dragon
 55960 | Vaults:5 | Identified the +6 glaive of the Rattlesnake {vamp, Int+2
                  | Dex+3}
 56130 | Vaults:5 | Identified the +10 morningstar "Jixko" {venom, Will+}
 56357 | Vaults:5 | Found the necklace of Bloodlust {*Rage Will++ Int-3 Slay+6}
 56358 | Vaults:5 | Noticed a golden dragon
 56388 | Vaults:5 | Killed a golden dragon
 56412 | Vaults:5 | Paralysed by a dread lich for 6 turns
 56441 | Vaults:5 | HP: 3/192 [tengu reaver/bolt of negative energy (29)]
 56443 | Vaults:5 | Killed from afar by a tengu reaver

Illustrated notes

Levels and vault maps discovered:
D:1:      scummos_arrival_star, layout_basic, ebering_ecumenical_altar_webs,
          serial_bayou_pond_a
D:2:      kennysheep_the_goblin_king, layout_rooms, nicolae_figureground_pulse
D:3:      layout_rooms, zin_purify, serial_shops, nicolae_shop_stone,
          dk_vineyard_3
D:4:      layout_gridville, minmay_temple_entry_drinking_statues, minmay_unequal
D:5:      layout_basic, gammafunk_temple_overflow_statue, ebering_ghost_gozag
D:6:      layout_loops_ring, makhleb_altar_promises_db, enter_ossuary_1,
          roderic_batcave
D:7:      layout_basic, serial_shops, nicolae_shop_stone
D:8:      layout_basic, serial_shops, shop
D:9:      layout_long_grid, erik_lair_island, erik_orc_3
D:10:     layout_roguey, nicolae_qazlal_style_of_elements, minmay_microvault,
          uniq_grum
D:11:     layout_rooms, serial_shops, nicolae_inconvenience_store,
          nicolae_stop_n_shop_1, nicolae_shop_overgrown_old_shop,
          nicolae_shop_waterfront, shop
D:12:     layout_layer_cave, minmay_holes, uniq_josephine
D:13:     layout_gridville, grunt_vaults_entry_fortified,
          portal_ice_cave_entry_ice_simulacra, serial_shops,
          nicolae_square_shop, minmay_misc_feat_doors
D:14:     layout_rooms, kennysheep_small_circle
D:15:     gammafunk_depths_entry_grave, layout_grid_maze,
          grunt_gozag_breadcrumbs
Temple:   minmay_crystal_spiral_temple
Lair:1:   layout_roguey, gauntlet_entry_generic
Lair:2:   layout_chaotic_city, grunt_forest_large_clearings
Lair:3:   layout_chaotic_city, minmay_snake_entry_guardpost_small,
          serial_bayou_pond_c, grunt_megastairs_4
Lair:4:   layout_roguey, swamp_mist, tgw_fedhas
Lair:5:   layout_loops_ring, lemuel_fruit_tree, infiniplex_staircase_pool,
          serial_bayou_shore_b, uniq_nessos, uniq_sonja
Lair:6:   due_jungle_book, layout_layer_cave, minmay_slime_entry_pillars
Swamp:1:  layout_falls_marsh, evilmike_swamp_ruin_house_4, swamp_pool1
Swamp:2:  layout_basic_swamp, nicolae_swamp_little_tower, swamp_pool5,
          grunt_hermit_hut
Swamp:3:  layout_basic_swamp, ebering_ghost_rock_garden,
          evilmike_swamp_ruin_house_3, swamp_pool2, nicolae_swamp_catching_bugs
Swamp:4:  swamp_old_school, layout_basic_swamp
Snake:1:  layout_honeycomb, st_stairs_8, uniq_roxanne
Snake:2:  layout_rooms, gammafunk_ghost_abyssal_escape, serial_bayou_shore_b,
          uniq_kirke, uniq_vashnia, uniq_azrael
Snake:3:  nicolae_snake_crotalidae_crossing, layout_cave_pods,
          grunt_megastairs_5, uniq_louise, uniq_aizul, uniq_nikola
Snake:4:  grunt_snake_rune_spirals, layout_onion_interference
Orc:1:    layout_caves, enter_bailey_2, led_sif_book, uniq_urug
Orc:2:    st_orc_open, layout_caves, uniq_donald, uniq_jorgrun
Vaults:1: v_rooms_5, v_misc_12, nicolae_vaults_big_angled_halls,
          hangedman_vaults_capsules, nicolae_vaults_yaktaur_gun_rack,
          hangedman_vaults_restitches, hangedman_vaults_maws,
          gammafunk_its_a_trap, vaults_dpeg_diagonal, ontoclasm_vaults_shuriken,
          nicolae_vaults_rhombus_5, layout_vaults_maze_snakey
Vaults:2: ontoclasm_vaults_decontamination, nicolae_vaults_big_angled_halls,
          v_misc_5, v_alt_pattern_4, v_misc_29, vaults_dpeg_ring,
          layout_vaults_quadrants, serial_shops, shop, uniq_boris, uniq_margery
Vaults:3: minmay_crypt_entry_simple_statues, ontoclasm_vaults_chip,
          ontoclasm_vaults_ring_large, nicolae_vaults_display_case,
          hangedman_vaults_snaps, nicolae_vaults_mini_display_case,
          ontoclasm_vaults_ring_small, ontoclasm_vaults_spin,
          ontoclasm_vaults_twist, nicolae_vaults_sealed_display,
          vaults_room_door_hall, grunt_vaults_hallway_short,
          layout_vaults_omnicross, serial_shops, shop, nicolae_shop_crystal,
          uniq_mara, uniq_asterion
Vaults:4: vaults_mumra_hex, ontoclasm_vaults_chip,
          nicolae_vaults_network_quinsquares
          [nicolae_vaults_network_quincunx_subvault,
          nicolae_vaults_network_quincunx_subvault,
          nicolae_vaults_network_quincunx_subvault,
          nicolae_vaults_network_quincunx_subvault], vaults_room_corners,
          v_misc_31, vaults_room_fancy_cross, v_rooms_3,
          nicolae_vaults_shelves_hall, ontoclasm_vaults_hangar,
          layout_vaults_big_room, serial_shops, nicolae_square_shop
Vaults:5
Depths:1: layout_gridlike, hellmouth_3, nemelex_altar_shiori,
          lemuel_flamethrower_2
Depths:2: minmay_ambush_box, layout_gridlike, abyss_entry_crystal,
          rand_demon_pan_entry_8, minmay_crystal_water,
          ebering_ghost_reflecting_pool, hell_entry, minmay_shop_grove,
          serial_bayou_shore_b
Depths:3: radiant_caverns_a_rkd, hell_entry, abyss_entry, pan_entry
Depths:4: evilmike_zot_entry_hall, layout_cave_pools, enter_ziggurat_a,
          elyvilon_altar_4, serial_shops, nicolae_shop_waterfront, pan_entry,
          grunt_hell_entry_dis_grunt, nicolae_figureground_sparkle,
          infiniplex_staircase_pool_lava

Skill      XL: |  1  2  3  4  5  6  7  8  9 10 11 12 13 14 15 16 17 18 19 20 21 22 23 24 |
---------------+-------------------------------------------------------------------------+-----
Fighting       | 1 2 3 4 5 6 7 10 12 16 18 20 21 22 23 | 23.1
Spellcasting   | 3 4 5 7 8 9 10 12 15 16 | 16.7
Armour         | 3 4 7 9 12 13 | 13.7
Short Blades   | 4 6 7 |  7.2
Dodging        | 6 7 9 11 13 15 | 15.6
Shields        | 7 9 |  9.2
Evocations     | 2 3 4 7 9 12 14 17 | 17.7
Long Blades    | 1 9 |  9.1
Stealth        | |  1.5

Action                   |  1- 3 |  4- 6 |  7- 9 | 10-12 | 13-15 | 16-18 | 19-21 | 22-24 || total
-------------------------+-------+-------+-------+-------+-------+-------+-------+-------++-------
Melee: Short sword       |    70 |    79 |   470 |   570 |  1219 |  1092 |       |       ||  3500
       Long sword        |       |    17 |       |       |       |       |       |       ||    17
       Punch             |       |       |       |     1 |       |       |       |       ||     1
       Headbutt          |       |       |       |       |       |     5 |       |       ||     5
       Scimitar          |       |       |       |       |       |       |  1491 |  2149 ||  3640
 Cast: Sting             |    14 |    10 |     9 |       |       |       |       |       ||    33
       Poisonous Vapours |    17 |    52 |    33 |     1 |       |       |       |       ||   103
       Mephitic Cloud    |       |     3 |    23 |    66 |   120 |   114 |    38 |    13 ||   377
       Ignite Poison     |       |       |     4 |    53 |    95 |   101 |    34 |    10 ||   297
       Summon Ice Beast  |       |       |     4 |       |       |     1 |       |       ||     5
       Olgreb's Toxic Ra |       |       |       |    10 |    20 |    11 |       |     1 ||    42
       Conjure Ball Ligh |       |       |       |       |     1 |    10 |     8 |     1 ||    20
       Iron Shot         |       |       |       |       |       |   170 |   113 |    93 ||   376
       Agony             |       |       |       |       |       |     1 |     1 |       ||     2
       Beastly Appendage |       |       |       |       |       |     1 |       |       ||     1
       Metabolic Englaci |       |       |       |       |       |       |     1 |       ||     1
       Static Discharge  |       |       |       |       |       |       |     1 |       ||     1
       Ozocubu's Refrige |       |       |       |       |       |       |       |    43 ||    43
       Disjunction       |       |       |       |       |       |       |       |     1 ||     1
Invok: Curse Item        |       |       |     2 |     4 |       |     1 |     2 |     2 ||    11
       Shatter the Chain |       |       |       |       |       |       |       |     2 ||     2
Evoke: Wand              |       |       |       |     4 |     5 |     9 |       |     4 ||    22
  Use: Scroll            |     2 |     3 |     9 |     7 |     1 |    14 |    16 |    14 ||    66
       Potion            |       |       |       |     1 |     1 |     2 |     4 |    20 ||    28
 Stab: Confused          |       |     2 |     9 |    12 |    26 |    12 |     5 |     1 ||    67
       Distracted        |       |       |     1 |     1 |     1 |       |     1 |     3 ||     7
       Sleeping          |       |       |       |     2 |     4 |     6 |     8 |     4 ||    24
Armor: Robe              |     7 |       |       |       |       |       |       |       ||     7
       Leather armour    |    17 |     8 |       |       |       |       |       |       ||    25
       Ring mail         |       |    35 |   175 |       |       |       |       |       ||   210
       Steam dragon scal |       |       |     5 |    88 |       |       |       |       ||    93
       Acid dragon scale |       |       |       |    97 |   206 |   253 |   349 |   621 ||  1526
Dodge: Dodged            |    80 |    72 |   290 |   405 |   402 |   510 |   756 |  1156 ||  3671
Block: Kite shield       |       |       |       |    15 |   644 |   728 |  1044 |  1390 ||  3821
       Reflection        |       |       |       |       |     8 |    59 |    98 |    36 ||   201

Table legend: (Time is in decaauts)
 A = Elapsed time spent in this place.
 B = Non-inter-level travel time spent in this place.
 C = Inter-level travel time spent in this place.
 D = Time resting spent in this place.
 E = Time spent auto-exploring this place.
 F = Levels seen in this place.
 G = Mean time per level.
                   A        B        C        D        E       F      G
               +--------+--------+--------+--------+--------+-----+--------+
         Total |  54369 |  50715 |   3654 |  10083 |  21863 |  45 | 1208.2 |
       Dungeon |  18986 |  17471 |   1515 |   4032 |   8645 |  15 | 1265.7 |
        Temple |    362 |    278 |     84 |    149 |    112 |   1 |  362.0 |
          Lair |   7645 |   7042 |    603 |    681 |   3865 |   6 | 1274.2 |
         Swamp |   3659 |   3452 |    207 |    961 |   1348 |   4 |  914.8 |
     Snake Pit |   5252 |   5062 |    190 |    920 |   2091 |   4 | 1313.0 |
  Orcish Mines |   1701 |   1473 |    228 |     98 |    614 |   2 |  850.5 |
        Vaults |   9080 |   8546 |    534 |   1711 |   2791 |   5 | 1816.0 |
        Depths |   7401 |   7108 |    293 |   1416 |   2396 |   4 | 1850.2 |
         Abyss |     67 |     67 |      0 |      0 |      0 |   1 |   67.0 |
      Ziggurat |    211 |    211 |      0 |    115 |      0 |   3 |   70.3 |
               +--------+--------+--------+--------+--------+-----+--------+

Top non-repeatable levels by time:
Depths:3: 2741 daAuts
Vaults:4: 2545 daAuts
  Lair:6: 2354 daAuts
     D:2: 2311 daAuts
Vaults:3: 2061 daAuts
Vaults:2: 1920 daAuts
     D:4: 1695 daAuts
     D:5: 1675 daAuts
     D:1: 1658 daAuts
Vaults:1: 1612 daAuts
Depths:1: 1603 daAuts
Depths:4: 1586 daAuts
 Snake:4: 1525 daAuts
     D:6: 1514 daAuts
Depths:2: 1471 daAuts
